 Dungeon Crawl Stone Soup version 0.31.0-9-g3a7656b989 (webtiles) character file.

Game seed: 12159681449614323194

135 Eitelfritz the Chopper (level 5, 0/47 HPs)
             Began as a Hill Orc Fighter on Jan 26, 2024.
             Succumbed to a killer bee's poison
             ... on level 4 of the Dungeon.
             The game lasted 00:03:06 (967 turns).

Eitelfritz the Chopper (Hill Orc Fighter)            Turns: 967, Time: 00:03:06

Health: 0/47       AC:  8    Str: 21    XL:     5   Next: 18%
Magic:  5/5        EV:  9    Int:  8    God:
Gold:   70         SH:  4    Dex: 10    Spells: 4/4 levels left

rFire   . . .        a - +0 war axe
rCold   . . .        c - +0 buckler
rNeg    . . .        e - +0 scale mail
rPois   .            (no helmet)
rElec   .            (no cloak)
rCorr   .            m - +0 pair of gloves
SInv    .            (no boots)
Will    .....        (no amulet) Stlth
                     g - ring of flight
HPRegen 0.27/turn    (no ring)
MPRegen 0.09/turn

%: no passive effects
@: mighty, lethally poisoned (0 -> -7), attractive, flying
A: talons 1, deterioration 1, mutation resistance 1
a: no special abilities


You were on level 4 of the Dungeon.
You visited 1 branch of the dungeon, and saw 3 of its levels.

You collected 70 gold pieces.

Inventory:

Hand Weapons
 a - a +0 war axe (weapon)
 b - a +0 sling
Missiles
 k - 3 poisoned darts (quivered)
Armour
 c - a +0 buckler (worn)
 e - a +0 scale mail (worn)
 m - a +0 pair of gloves (worn)
Jewellery
 g - a ring of flight (left hand)
Scrolls
 f - 3 scrolls of identify {unknown}
 h - a scroll of poison {unknown}
 o - a scroll of enchant weapon {unknown}
Potions
 n - a potion of berserk rage {unknown}


   Skills:
 + Level 4.4 Fighting
 + Level 4.8 Axes
 + Level 3.7 Armour
 + Level 0.9 Dodging
 + Level 4.0 Shields


You had 4 spell levels left.
You didn't know any spells.
Your spell library was empty.

Dungeon Overview and Level Annotations

Branches:
Dungeon (2/15)

Altars:

Shops:
D:1 =


Innate Abilities, Weirdness & Mutations

You have sharp toenails.
Your body sometimes deteriorates upon taking damage.
You are somewhat resistant to further mutation.


Message History

You miss the killer bee. Your kick misses the killer bee.
The killer bee is moderately wounded.
You feel very sick.
The killer bee stings you but does no damage.
The killer bee barely misses you.
The killer bee stings you but does no damage.
Unknown command.
You miss the killer bee. You claw the killer bee!
The killer bee is almost dead.
You feel sick.
The killer bee stings you but does no damage.
The killer bee misses you. The killer bee stings you.
* * * LOW HITPOINT WARNING * * *
Unknown command.
You slash the killer bee!
You kill the killer bee!
You feel sick. The killer bee stings you.
* * * LOW HITPOINT WARNING * * *
You are lethally poisoned!
The killer bee poisons you!
A killer bee comes into view.
Your Shields skill increases to level 4!
You have reached level 5!
You feel stronger.
You hit the killer bee.
The killer bee is moderately wounded.
* * * LOW HITPOINT WARNING * * *
You feel very sick. You block the killer bee's attack.
The killer bee stings you but does no damage.
You block the killer bee's attack.
It was a potion of attraction.
You feel attractive to monsters.
* * * LOW HITPOINT WARNING * * *
You feel very sick. The killer bee closely misses you.
The killer bee barely misses you.
Unknown command.
You miss the killer bee. Your kick misses the killer bee.
The killer bee is moderately wounded.
You die... ######### yy.y..yy#

#y# #y#
################@#######
............†...........
..##############.#######
#.# #.# #.# #.# ..# #..
..# ### ..# ..#


You could see 4 killer bees.

Vanquished Creatures
  A killer bee (D:4)
  A gnoll (D:1)
  3 adders
  An adder skeleton (D:2)
  5 ball pythons
  7 bats
  An endoplasm (D:1)
  7 goblins
  5 hobgoblins
  6 jackals
  A quokka (D:4)
  2 frilled lizards (D:1)
  A giant cockroach zombie (D:2)
  7 kobolds
  A quokka zombie (D:2)
  3 rats (D:1)
52 creatures vanquished.

Notes
Turn   | Place    | Note
-------+----------+-------------------------------------------
     0 | D:1      | Eitelfritz the Hill Orc Fighter began the quest for the
                  | Orb.
     0 | D:1      | Reached XP level 1. HP: 19/19 MP: 1/1
    65 | D:1      | Reached XP level 2. HP: 14/27 MP: 2/2
   427 | D:1      | Reached XP level 3. HP: 28/33 MP: 3/3
   473 | D:1      | Found Hiung's Jewellery Shop.
   796 | D:2      | Reached XP level 4. HP: 39/40 MP: 4/4
   828 | D:2      | You are sucked into a shaft and drop 2 floors!
   960 | D:4      | Gained mutation: You have sharp toenails. [potion of
                  | mutation]
   960 | D:4      | Gained mutation: Your body sometimes deteriorates upon
                  | taking damage. [potion of mutation]
   960 | D:4      | Gained mutation: You are somewhat resistant to further
                  | mutation. [potion of mutation]
   965 | D:4      | Reached XP level 5. HP: 8/47 MP: 5/5
   966 | D:4      | HP: 2/47 [poisoned by a killer bee]
   967 | D:4      | Succumbed to a killer bee's poison

Illustrated notes

Levels and vault maps discovered:
D:1:      dpeg_arrival_solitude, layout_basic, serial_shops,
          nicolae_square_shop, minivault_11, supply_closet_lemuel
D:2:      layout_basic, serial_shops, shop, shop, nicolae_shop_waterfront,
          nicolae_shop_tiny_glass, shop, serial_undead, serial_undead_a,
          serial_undead_a, serial_undead_b, serial_undead_e,
          minmay_goblin_outpost
D:4:      layout_basic, temple_statues, nrook_mini_vaults, minmay_misc_feat_iff

Skill      XL: |  1  2  3  4 |
---------------+-------------+-----
Axes           | 3 4 |  4.8
Fighting       | 4 |  4.4
Shields        | 4 |  4.0
Armour         | |  3.7
Dodging        | |  0.9

Action                     |  1- 3 |  4- 6 || total
---------------------------+-------+-------++-------
  Melee: War axe           |   109 |    35 ||   144
         Kick              |       |     1 ||     1
    Use: Potion            |       |     4 ||     4
 Armour: Scale mail        |   102 |    34 ||   136
  Dodge: Dodged            |    85 |    27 ||   112
  Block: Buckler           |    38 |    10 ||    48
